Get step-by-step instructions on how to execute this build order below. Start the game timer, and the build order will tick by so you can play in parallel with StarCraft on a second screen or mobile device.

Game Time

  0:00

Last Step

  N/A

Next Step

Upcoming Step



Don't want to look back and forth between 2 screens? Try out our Overwolf App, the Spawning Tool Build Advisor to get an in-game overlay with this build!

Complete Build Order

  12  0:00  Drone  
  13  0:12  Overlord  
  13  0:17  Drone  
  14  0:30  Drone x2  
  16  0:42  Drone  
  17  0:51  Hatchery  
  17  0:53  Drone  
  17  0:57  Drone  
  18  1:08  Extractor  
  17  1:12  Spawning Pool  
  17  1:16  Drone  
  17  1:18  Drone  
  18  1:27  Drone  
  19  1:38  Drone  
  20  1:48  Overlord  
  20  1:59  Queen  
  22  2:03  Zergling x2, Queen  
  22  2:04  Drone  
  26  2:12  Zergling x2  
  26  2:13  Drone, Metabolic Boost  
  28  2:25  Drone x2  
  30  2:35  Drone  
  31  2:39  Drone  
  31  2:41  Queen  
  34  2:46  Hatchery  
  34  2:49  Overlord  
  33  2:53  Zergling x2  
  33  2:56  Zergling x2  
  35  3:05  Zergling x2  
  36  3:08  Queen  
  36  3:09  Overlord  
  36  3:11  Drone x2  
  40  3:14  Drone  
  40  3:16  Drone  
  42  3:21  Queen  
  44  3:30  Drone, Overlord  
  44  3:31  Drone  
  44  3:32  Drone  
  47  3:40  Drone  
  48  3:47  Drone x4  
  52  3:50  Queen  
  52  3:54  Drone x4  
  58  4:03  Queen  
  60  4:10  Overlord  
  60  4:13  Drone x3, Spore Crawler, Overlord  
  62  4:18  Drone  
  62  4:19  Spore Crawler  
  62  4:20  Drone, Spore Crawler  
  62  4:23  Drone, Evolution Chamber  
  62  4:36  Drone x7  
  65  4:46  Drone x3, Overlord  
  65  4:52  Zerg Melee Weapons Level 1  
  64  5:01  Drone  
  64  5:06  Drone x10  
  73  5:12  Spore Crawler  
  71  5:15  Drone x5  
  74  5:22  Drone x2  
  74  5:27  Queen  
  78  5:37  Lair, Queen  
  78  5:38  Drone x5  
  78  5:41  Zergling x4, Hatchery  
  86  5:47  Zergling x8  
  90  5:52  Extractor x2  
  90  5:53  Extractor x2, Drone x4  
  90  5:57  Extractor  
  88  6:05  Drone x2  
  88  6:09  Overlord  
  90  6:13  Overlord x2  
  90  6:19  Overlord  
  90  6:21  Hatchery  
  90  6:22  Drone  
  90  6:27  Hatchery  
  90  6:28  Drone  
  90  6:29  Drone x8  
  98  6:35  Zergling x16  
  98  6:36  Overlord  
  106  6:42  Infestation Pit  
  106  6:43  Hydralisk Den  
  105  6:47  Zergling x6  
  105  6:52  Zergling x2  
  105  6:53  Zergling x6  
  110  6:58  Zerg Missile Weapons Level 1  
  110  7:06  Zergling x18  
  118  7:12  Hatchery  
  117  7:17  Muscular Augments, Lurker Den  
  117  7:20  Hatchery  
  115  7:25  Drone x6  
  121  7:33  Drone x6  
  121  7:35  Hive  
  127  7:42  Overlord x3  
  127  7:43  Overlord x2  
  127  7:48  Hydralisk x3  
  133  7:51  Extractor, Drone  
  133  7:53  Extractor  
  133  7:54  Drone  
  133  7:58  Overlord  
  133  7:59  Overlord x2  
  133  8:01  Drone x3  
  136  8:11  Hydralisk x9  
  154  8:18  Hydralisk x4  
  156  8:28  Lurker x3  
  158  8:36  Drone, Spine Crawler  
  158  8:37  Drone x4, Spine Crawler  
  158  8:38  Lurker x3, Spine Crawler  
  158  8:39  Lurker x2, Spine Crawler  
  164  8:51  Seismic Spines  
  164  8:56  Evolution Chamber  
  164  8:57  Zerg Missile Weapons Level 2  
  163  9:08  Drone  
  163  9:10  Adrenal Glands  
  163  9:15  Extractor  
  162  9:20  Spine Crawler  
  162  9:21  Zerg Melee Weapons Level 2  
  162  9:23  Lurker x2  
  163  9:24  Zergling x54  
  163  9:29  Zergling x12  
  196  9:38  Grooved Spines  
  196  9:43  Zergling x8  
  196  9:44  Pneumatized Carapace, Overlord  
  196  9:45  Overseer x3  
  200  9:48  Adaptive Talons  
  191  10:18  Spire  
  187  10:26  Hydralisk  
  187  10:27  Hydralisk x8  
  193  10:41  Hydralisk x6  
  199  10:47  Hydralisk x8  
  199  10:48  Zergling x16  
  189  10:53  Zergling x48  
  191  10:58  Overlord  
  191  10:59  Overlord  
  191  11:05  Overlord  
  191  11:06  Extractor  
  190  11:15  Overlord  
  189  11:22  Lurker x5  
  189  11:25  Lurker x6  
  199  11:31  Overseer  
  199  11:32  Overseer  
  199  11:33  Greater Spire  
  199  11:46  Lurker  
  200  11:51  Extractor  
  200  11:52  Lurker  
  199  11:54  Extractor  
  199  11:57  Lurker  
  199  11:58  Lurker  
  199  12:00  Zerg Missile Weapons Level 3  
  199  12:01  Zerg Ground Armor Level 1  
  185  12:19  Lurker x6  
  176  12:23  Lurker  
  176  12:25  Zergling x46  
  199  12:35  Spine Crawler x2  
  193  12:40  Overlord x2  
  193  12:50  Lurker  
  192  12:53  Hydralisk x8  
  195  12:58  Overlord x2  
  195  12:59  Hydralisk x2  
  194  13:10  Zerg Flyer Weapons Level 1  
  186  13:33  Spore Crawler  
  185  13:36  Hydralisk x13  
  185  13:39  Hatchery  
  160  13:49  Lurker x2  
  162  13:56  Hydralisk x4  
  162  14:02  Drone x3  
  170  14:09  Drone x6  
  176  14:17  Corruptor x6  
  176  14:21  Spine Crawler  
  176  14:22  Spine Crawler  
  176  14:23  Spine Crawler  
  176  14:24  Lurker x3  
  186  14:25  Overseer  
  186  14:28  Lurker x12  
  200  14:52  Overseer  
  200  14:53  Overseer x2  
  200  14:57  Zerg Ground Armor Level 2  
  200  14:58  Zerg Melee Weapons Level 3  
  193  15:21  Drone x6  
  191  15:22  Drone  
  191  15:27  Brood Lord x4  
  200  15:46  Spine Crawler  
  200  15:47  Spine Crawler  
  198  15:56  Zerg Flyer Weapons Level 2  
  198  16:00  Overlord  
  198  16:01  Overlord  
  198  16:18  Brood Lord  
  200  16:26  Spine Crawler  
  200  16:27  Spore Crawler  
  200  16:30  Spine Crawler  
  197  16:33  Spine Crawler  
  197  16:34  Brood Lord  
  197  16:35  Spine Crawler, Spire  
  197  16:37  Spine Crawler  
  195  16:40  Hatchery  
  194  17:00  Corruptor  
  194  17:01  Corruptor x2  
  191  17:09  Hatchery  
  191  17:15  Corruptor x11  
  196  17:34  Overlord x4  
  182  17:50  Corruptor x9  
  188  18:04  Corruptor x6  
  192  18:12  Corruptor x2  
  189  18:20  Zerg Flyer Weapons Level 3  
  189  18:25  Drone x2  
  188  18:35  Corruptor x2  
  192  18:49  Viper x2  
  192  19:17  Brood Lord  
  192  19:18  Zerg Flyer Armor Level 1  
  191  19:34  Corruptor x4  
  197  19:41  Overlord  
  197  19:42  Corruptor x3  
  186  20:03  Corruptor x7  
  195  20:23  Drone x5  
  200  20:36  Extractor, Spore Crawler  
  200  20:40  Hatchery  
  182  20:47  Drone x15  
  182  20:48  Drone x2  
  176  20:59  Drone  
  176  21:00  Drone x4  
  177  21:22  Brood Lord x2  
  178  21:52  Overseer x3  
  178  22:06  Hatchery  
  174  22:44  Spawning Pool  
  173  22:47  Infestor  
  173  22:48  Infestor x4, Neural Parasite, Hatchery  
  182  22:52  Brood Lord x2  
  182  22:53  Brood Lord  
  182  22:54  Overlord x2  
  182  22:55  Corruptor  
  190  23:18  Hatchery  
  187  24:11  Spore Crawler  
  178  24:35  Hatchery  
  141  25:05  Drone x12  
  136  25:19  Drone